 Dungeon Crawl Stone Soup version 0.23.2-33-g5129a83184 (webtiles) character file.

Game seed: 12189967752281137165

4349 euginm the Covert (level 10, -11/44 HPs)
             Began as a Spriggan Enchanter on Aug 6, 2019.
             Was an Initiate of Ashenzari.
             Mangled by a two-headed ogre
             ... wielding a +0 giant club
              (21 damage)
             ... on level 8 of the Dungeon.
             The game lasted 00:35:56 (11982 turns).

euginm the Covert (Spriggan Enchanter)             Turns: 11982, Time: 00:35:57

Health: -11/44     AC:  2    Str:  4    XL:     10   Next: 12%
Magic:  19/26      EV: 18    Int: 19    God:    Ashenzari [......]
Gold:   149        SH:  0    Dex: 18    Spells: 10/31 levels left

rFire    . . .     SeeInvis +   u - +0 dagger (venom)
rCold    + . .     Gourm    .   (shield restricted)
rNeg     . . .     Faith    .   b - +0 robe
rPois    +         Spirit   .   (helmet restricted)
rElec    .         Reflect  .   v - scarf {repulsion}
rCorr    .         Harm     .   (gloves unavailable)
MR       +....                  (boots unavailable)
Stlth    ++++++....             (no amulet)
HPRegen  0.14/turn              p - ring of poison resistance (curse)
MPRegen  0.20/turn              g - ring of protection from cold (curse)

@: repel missiles, very quick
A: very small, unfitting armour, see invisible, herbivore, speed 3, slow
metabolism 2
a: Curse Item, Renounce Religion


You were on level 8 of the Dungeon.
You worshipped Ashenzari.
Ashenzari was noncommittal.
You were not hungry.

You visited 2 branches of the dungeon, and saw 9 of its levels.

You collected 289 gold pieces.
You spent 140 gold pieces at shops.

Inventory:

Hand Weapons
 u - a +0 dagger of venom (weapon)
Missiles
 s - 16 tomahawks (quivered)
Armour
 b - a +0 robe (worn)
 v - a scarf of repulsion (worn)
Jewellery
 g - a cursed ring of protection from cold (right hand)
 p - a cursed ring of poison resistance (left hand)
Wands
 w - a wand of enslavement (11)
 x - a wand of iceblast (7)
Scrolls
 f - 2 scrolls of fear
 k - 3 scrolls of teleportation
 q - 4 scrolls of blinking
 r - a scroll of fog
 t - a scroll of magic mapping
Potions
 a - a potion of lignification {unknown}
 c - 3 potions of might {unknown}
 e - 3 potions of ambrosia {unknown}
 h - a potion of heal wounds {unknown}
 i - a potion of agility {unknown}
 j - 2 potions of flight {unknown}
 l - 3 potions of mutation {unknown}
 m - 4 potions of magic
 n - a potion of haste {unknown}
 o - 6 potions of curing {unknown}
Comestibles
 d - 15 rations


   Skills:
 + Level 1.4 Short Blades
 + Level 0.5 Throwing
 + Level 3.0 Dodging
 + Level 14.4 Stealth
 + Level 11.1 Spellcasting
 + Level 8.8 Hexes
 + Level 0.3 Ice Magic


You had 10 spell levels left.
You knew the following spells:

 Your Spells              Type           Power        Failure   Level  Hunger
a - Corona                Hex            #####..      1%          1    None
b - Ensorcelled Hibernat  Hex/Ice        ####..       1%          2    None
c - Confuse               Hex            #####...     1%          3    None
d - Tukima's Dance        Hex            #####...     1%          3    None
e - Dazzling Spray        Conj/Hex       ####..       3%          3    None
f - Cause Fear            Hex            #####.....   1%          4    ##.....
g - Inner Flame           Hex/Fire       ####....     3%          3    None
h - Slow                  Hex            #####...     1%          2    None

Your spell library contained the following spells:

 Spells                   Type           Power        Failure   Level  Hunger
 Portal Projectile        Hex/Tloc       ####..       3%          3    None
 Pain                     Necr           ##..         7%          1    None
 Leda's Liquefaction      Hex/Erth       ####......   11%         4    ##.....


Dungeon Overview and Level Annotations

Branches:
Dungeon (8/15)             Temple (1/1) D:7
   Lair: D:8-11

Altars:
Ashenzari
Cheibriados
Dithmenos
Elyvilon
Gozag
Hepliaklqana
Kikubaaqudgha
Nemelex Xobeh
Qazlal
Sif Muna
Uskayaw
Vehumet
Wu Jian
Yredelemnul
Zin
The Shining One

Shops:
D:6 *?(=*   D:8 %

Annotations:
D:8 Harold


Innate Abilities, Weirdness & Mutations

You are very small and have problems with some larger weapons.
You are too small for most types of armour.
You have supernaturally acute eyesight. (SInv)
You are a herbivore.
You cover ground extremely quickly.
You need to consume almost no food.


Message History

Press: ? - help, Shift-Dir - straight line, f - Harold, p - two-headed ogre
Aim: Harold, wielding a +0 long sword and wearing a +0 ring mail (hasn't noticed you, chance to defeat MR: 23%) Harold resists with almost no effort.
Harold grumbles, "Just give up already, I want to go home!"
Harold throws a throwing net.
The throwing net hits you.
You become entangled in the net!
You struggle against the net.
You struggle against the net.
Harold casts a spell at you. The harpoon shot misses you.
You struggle against the net.
The two-headed ogre hits you with a +0 giant club!!
Ouch! That really hurt!
* * * LOW HITPOINT WARNING * * *
The two-headed ogre misses you.
You rip the net and break free!
Harold casts a spell at you.
You barely resist. The two-headed ogre misses you.
The two-headed ogre hits you with a +0 giant club!!
You die...

..#.....#..... .
.#............. ..
(......#.....
............... ....
..#...........#.....#
#.............#.....#
#.....#..@##.##.....#
.......@............#
#.......O...........#
####...............$#
#......†..........
#####.......#.##.###
#...................
##............###.##
..............###.#
..###............#


You could see Harold and a two-headed ogre (inner flame).

Vanquished Creatures
  A yak (D:7)
  3 hogs (D:7)
  A human (D:7)
  A hungry ghost (D:6)
  A water moccasin (D:6)
  Duvessa (D:4)
  A porcupine (D:8)
  An orc warrior (D:7)
  2 black bears
  An ice beast (D:7)
  2 sky beasts (D:5)
  A necrophage (D:5)
  8 ogres
  3 centaurs
  3 bullfrogs
  Dowan (D:4)
  A scorpion (D:7)
  A howler monkey (D:6)
  A bullfrog zombie (D:6)
  A centaur zombie (D:6)
  3 crimson imps (D:7)
  2 hounds
  4 jellies
  3 orc priests
  2 iguanas
  Natasha (twice) (D:3)
  9 orc wizards
  10 worker ants
  A hound zombie (D:5)
  2 worker ant zombies
  8 gnolls
  11 adders
  An ooze (D:6)
  An adder zombie (D:5)
  4 leopard geckos
  25 orcs
  7 bats
  4 giant cockroaches
  11 goblins
  9 hobgoblins
  13 jackals
  3 quokkas
  2 ball pythons (D:1)
  A ball python zombie (D:5)
  5 frilled lizards
  A giant cockroach zombie (D:5)
  2 gnoll zombies (D:5)
  6 kobolds
  A leopard gecko skeleton (D:6)
  5 rats
193 creatures vanquished.

Vanquished Creatures (others)
  A bush (D:6)
  8 fungi (D:8)
  A plant (D:8)
10 creatures vanquished.

Grand Total: 203 creatures vanquished

Notes
Turn   | Place    | Note
-------+----------+-------------------------------------------
     0 | D:1      | euginm the Spriggan Enchanter began the quest for the Orb.
     0 | D:1      | Reached XP level 1. HP: 9/9 MP: 5/5
   697 | D:1      | Reached skill level 5 in Stealth
   705 | D:1      | Reached XP level 2. HP: 13/13 MP: 4/6
   742 | D:1      | Learned a level 2 spell: Ensorcelled Hibernation
  1940 | D:2      | Reached XP level 3. HP: 15/16 MP: 3/8
  2362 | D:2      | Reached skill level 6 in Stealth
  2764 | D:2      | Reached XP level 4. HP: 21/21 MP: 10/10
  2871 | D:2      | Learned a level 3 spell: Confuse
  2875 | D:2      | Learned a level 3 spell: Tukima's Dance
  3194 | D:3      | Found a snail-covered altar of Cheibriados.
  3441 | D:3      | Noticed Natasha
  3442 | D:3      | Found an opulent altar of Gozag.
  3446 | D:3      | Killed Natasha
  3492 | D:3      | Found an ornate altar of the Wu Jian Council.
  3504 | D:3      | Reached XP level 5. HP: 24/24 MP: 3/12
  3510 | D:3      | Reached skill level 7 in Stealth
  4124 | D:3      | Found an ancient bone altar of Kikubaaqudgha.
  4124 | D:3      | Found a deep blue altar of Sif Muna.
  4124 | D:3      | Noticed Natasha
  4126 | D:3      | Found a radiant altar of Vehumet.
  4130 | D:3      | Killed Natasha
  4134 | D:3      | Identified Kikubaaqudgha's Volume of Darkness
  4140 | D:3      | Learned a level 3 spell: Dazzling Spray
  4416 | D:4      | Reached skill level 8 in Stealth
  4419 | D:4      | Reached skill level 5 in Hexes
  4531 | D:4      | Reached XP level 6. HP: 28/28 MP: 6/13
  4767 | D:4      | Noticed Dowan
  4768 | D:4      | Noticed Duvessa
  4783 | D:4      | HP: 1/28 [Duvessa/+0 rapier (9)]
  5338 | D:4      | Reached skill level 5 in Spellcasting
  5343 | D:4      | Reached skill level 9 in Stealth
  5403 | D:4      | Reached XP level 7. HP: 32/32 MP: 12/15
  5738 | D:4      | Killed Duvessa
  5749 | D:5      | Entered Level 5 of the Dungeon
  5785 | D:4      | Killed Dowan
  6167 | D:5      | Reached skill level 10 in Stealth
  6473 | D:5      | Found a glowing golden altar of the Shining One.
  6724 | D:5      | Found a basalt altar of Yredelemnul.
  6902 | D:5      | Reached XP level 8. HP: 36/36 MP: 19/19
  7025 | D:5      | Reached skill level 11 in Stealth
  7155 | D:6      | Found Bit Kedd's Magic Scroll Shop.
  7389 | D:6      | Found Raclanufom's Assorted Antiques.
  7412 | D:6      | Bought a scroll of teleportation for 84 gold pieces
  7412 | D:6      | Bought a scroll of identify for 56 gold pieces
  7939 | D:6      | Reached skill level 12 in Stealth
  8223 | D:6      | Found Zill's Jewellery Emporium.
  8244 | D:6      | Found a hide-covered altar of Uskayaw.
  8293 | D:6      | Reached XP level 9. HP: 33/39 MP: 15/22
  8550 | D:6      | Found Ziutz's Antique Weapon Shoppe.
  8776 | D:6      | Found Qiykufy's General Store.
  9565 | D:7      | Reached skill level 13 in Stealth
 10120 | D:7      | Reached skill level 10 in Spellcasting
 10146 | D:7      | Found a staircase to the Ecumenical Temple.
 10165 | Temple   | Entered the Ecumenical Temple
 10171 | Temple   | Learned a level 4 spell: Cause Fear
 10175 | Temple   | Learned a level 3 spell: Inner Flame
 10178 | Temple   | Learned a level 2 spell: Slow
 10193 | Temple   | Became a worshipper of Ashenzari the Shackled
 10841 | D:7      | Reached skill level 14 in Stealth
 11164 | D:7      | Reached XP level 10. HP: 44/44 MP: 22/26
 11356 | D:8      | Found Poprul's Food Boutique.
 11914 | D:8      | Noticed a two-headed ogre
 11973 | D:8      | Noticed Harold
 11982 | D:8      | Mangled by a two-headed ogre

Skill      XL: |  1  2  3  4  5  6  7  8  9 |
---------------+----------------------------+-----
Stealth        | 5 6 8 9 10 12 14 | 14.4
Spellcasting   | 3 4 5 6 8 11 | 11.1
Hexes          | 4 5 6 7 8 |  8.8
Short Blades   | |  1.4
Throwing       | |  0.5
Dodging        | |  3.0
Ice Magic      | |  0.3

Action                   |  1- 3 |  4- 6 |  7- 9 | 10-12 || total
-------------------------+-------+-------+-------+-------++-------
Melee: Dagger            |    63 |    64 |   188 |    15 ||   330
Throw: Tomahawk          |       |       |     4 |       ||     4
 Cast: Corona            |     6 |       |     1 |       ||     7
       Ensorcelled Hiber |    30 |    43 |   112 |    16 ||   201
       Confuse           |       |     1 |    20 |     3 ||    24
       Slow              |       |       |       |     1 ||     1
       Tukima's Dance    |       |       |       |     1 ||     1
       Inner Flame       |       |       |       |     1 ||     1
Invok: Curse Item        |       |       |     1 |       ||     1
Evoke: Wand              |       |       |       |     1 ||     1
  Use: Scroll            |       |     2 |     8 |       ||    10
 Stab: Sleeping          |    29 |    44 |    75 |     9 ||   157
       Confused          |       |       |    12 |     2 ||    14
       Distracted        |       |       |     2 |       ||     2
  Eat: Ration            |     1 |     2 |     2 |     1 ||     6
Armor: Robe              |     7 |     5 |    22 |       ||    34
Dodge: Dodged            |    62 |    46 |   133 |    12 ||   253
